 Dungeon Crawl Stone Soup version 0.29.1-12-g30fa7ad0bf (webtiles) character file.

Game seed: 5212538794814192027

153 xian the Shooter (level 5, -3/26 HPs)
             Began as a Spriggan Hunter on Jan 7, 2023.
             Killed by divine providence
             ... invoked by an orc priest
              (13 damage)
             ... on level 3 of the Dungeon.
             The game lasted 00:04:30 (2242 turns).

xian the Shooter (Spriggan Hunter)                  Turns: 2242, Time: 00:04:30

Health: -3/26      AC:  2    Str:  9    XL:     5   Next: 12%
Magic:  6/6        EV: 22    Int: 10    God:
Gold:   90         SH:  0    Dex: 19    Spells: 4/4 levels left

rFire   . . .      SeeInvis +   a - +0 shortbow
rCold   . . .      Faith    .   (shield currently unavailable)
rNeg    . . .      Spirit   .   c - +0 robe
rPois   .          Reflect  .   (helmet restricted)
rElec   .          Harm     .   (no cloak)
rCorr   +          Rampage  .   (gloves unavailable)
Will    .....                   (boots unavailable)
Stlth   ++........              r - amulet of regeneration
HPRegen 0.88/turn               f - +4 ring of evasion
MPRegen 0.10/turn               i - ring of resist corrosion

@: very quick
A: very small, no large weapons, unfitting armour, see invisible, speed 3
a: no special abilities


You were on level 3 of the Dungeon.
You visited 1 branch of the dungeon, and saw 3 of its levels.

You collected 90 gold pieces.

Inventory:

Hand Weapons
 a - a +0 shortbow (weapon)
 g - a +0 dagger
Armour
 c - a +0 robe (worn)
Jewellery
 f - a +4 ring of evasion (left hand)
 i - a ring of resist corrosion (right hand)
 r - an amulet of regeneration (around neck)
Wands
 p - a wand of charming (12)
Scrolls
 b - a scroll of immolation
 e - 5 scrolls of identify {unknown}
 j - a scroll of teleportation {unknown}
 k - a scroll of poison {unknown}
 q - a scroll of vulnerability {unknown}
 s - a scroll of fear {unknown}
Potions
 d - a potion of heal wounds {unknown}
 h - a potion of attraction {unknown}
 l - 2 potions of might {unknown}
 m - a potion of invisibility {unknown}
 n - a potion of brilliance {unknown}
 o - a potion of curing {unknown}
 t - a potion of mutation {unknown}


   Skills:
 + Level 2.2 Fighting
 + Level 6.0 Ranged Weapons
 + Level 3.1 Dodging
 + Level 1.5 Stealth


You had 4 spell levels left.
You didn't know any spells.
Your spell library was empty.

Dungeon Overview and Level Annotations

Branches:
Dungeon (3/15)

Altars:
The Shining One


Innate Abilities, Weirdness & Mutations

You are very small and have problems with some larger weapons.
You are too small for most types of armour.
You have supernaturally acute eyesight. (SInv)
You cover ground extremely quickly. (Speed+++)


Message History

The orc hits you with a +0 falchion. The orc hits you with a +0 hand axe.
The orc closely misses you.
You shoot an arrow. The arrow hits the orc!
You kill the orc!
The orc closely misses you.
The orc priest hits you but does no damage.
You shoot an arrow.
The arrow hits the orc priest but does no damage.
The orc hits you with a +0 falchion.
The orc priest begins to cast a cantrip, but forgets the words!
You shoot an arrow. The arrow hits the orc priest.
The orc priest is lightly wounded.
The orc hits you with a +0 falchion!
You are too injured to fight recklessly!
You are too injured to fight recklessly!
You are too injured to fight recklessly!
Unknown command.
The orc throws a boomerang.
The boomerang misses you.
There is a stone staircase leading up here.
You climb upwards.
There is a stone staircase leading down here.
HP restored.
Done exploring.
You climb downwards.
The orc closely misses you.
There is a stone staircase leading up here.
You shoot an arrow. The arrow barely misses the orc.
The orc completely misses you. The orc closely misses you.
The orc priest calls down the wrath of Beogh upon you.
Beogh smites you! The orc hits you with a +0 hand axe.
The orc hits you with a +0 falchion!
You are too injured to fight recklessly!
You are too injured to fight recklessly!
You are too injured to fight recklessly!
You are too injured to fight recklessly!
You are too injured to fight recklessly!
The orc barely misses you.
The orc priest mumbles some strange prayers to Beogh against you.
Beogh smites you!
Ouch! That really hurt!
You die...

### ####### .
#.#######.....#####
P.#. #.........###.#...
...
#...o.....###.#.####
#..##.@........#.......
#...#..o.....#........#
#...##o......###.#.##.#
#.......####.....#....#
#....[^.# #####[#.....
#...##†## #.#..#.#
#...#...########.......
#..###.>#.....#####.###
+..#.#..#.....# #.#


You could see an orc priest and 2 orcs.

Vanquished Creatures
  An orc wizard (D:3)
  6 adders
  A worm (D:2)
  2 dart slugs
  3 orcs (D:3)
  5 ball pythons
  6 bats
  3 endoplasms
  4 goblins
  6 hobgoblins
  4 jackals (D:3)
  10 kobolds
  5 quokkas
  4 frilled lizards
  A rat (D:1)
61 creatures vanquished.

Vanquished Creatures (others)
  5 plants (D:3)
5 creatures vanquished.

Grand Total: 66 creatures vanquished

Notes
Turn   | Place    | Note
-------+----------+-------------------------------------------
     0 | D:1      | xian the Spriggan Hunter began the quest for the Orb.
     0 | D:1      | Reached XP level 1. HP: 10/10 MP: 2/2
    80 | D:1      | Reached XP level 2. HP: 9/14 MP: 3/3
  1105 | D:1      | Reached XP level 3. HP: 18/18 MP: 4/4
  1228 | D:2      | Reached skill level 5 in Ranged Weapons
  1420 | D:2      | Found a glowing golden altar of the Shining One.
  1495 | D:2      | Reached XP level 4. HP: 23/23 MP: 5/5
  2055 | D:3      | Reached XP level 5. HP: 26/26 MP: 6/6
  2080 | D:3      | Reached skill level 6 in Ranged Weapons
  2242 | D:3      | Killed from afar by an orc priest

Illustrated notes

Levels and vault maps discovered:
D:1:      dpeg_arrival_refuge, layout_basic
D:2:      layout_basic, basic_altar
D:3:      layout_loops_cross, vehumet_crystals, chequers_ecumenical_altar_lobes

Skill      XL: |  1  2  3  4  5 |
---------------+----------------+-----
Ranged Weapons | 5 6 |  6.0
Dodging        | 3 |  3.1
Fighting       | 2 |  2.2
Stealth        | |  1.5

Action                   |  1- 3 |  4- 6 || total
-------------------------+-------+-------++-------
 Fire: Shortbow          |   103 |    70 ||   173
Armor: Robe              |       |     4 ||     4
Dodge: Dodged            |    46 |    25 ||    71
